 Dungeon Crawl Stone Soup version 0.21-a0-442-g848f44b (webtiles) character file.

354 Goblin1989 the Ducker (level 6, -2/29 HPs)
             Began as a Felid Monk on Nov 16, 2017.
             Slain by a gnoll
             ... wielding a +6 whip
              (14 damage)
             ... on level 6 of the Dungeon.
             The game lasted 00:24:02 (6404 turns).

Goblin1989 the Ducker (Felid Monk)                  Turns: 6404, Time: 00:24:03

Health: -2/29      AC:  2    Str:  7    XL:     6   Next: 35%
Magic:  8/8        EV: 25    Int: 11    God:
Gold:   230        SH:  4    Dex: 21    Spells: 2/7 levels left
                                        Lives:  0   Deaths: 2

rFire    . . .     SeeInvis +     - Unarmed
rCold    . . .     Gourm    .   (shield unavailable)
rNeg     . . .     Faith    .   (armour unavailable)
rPois    .         Spirit   .   (helmet unavailable)
rElec    .         Reflect  +   (cloak unavailable)
rCorr    .         Harm     .   (gloves unavailable)
MR       +....                  (boots unavailable)
Stlth    ++++......             y - +4 amulet of reflection
HPRegen  0.09/turn              B - +3 ring of evasion
MPRegen  0.11/turn              m - ring of protection from magic

@: quick
A: no armour, no weapons or thrown items, stealth, claws 1, fangs 3, see
invisible, carnivore 3, speed 1, shaggy fur 2, slow metabolism 1, sharp paws
a: no special abilities


You were on level 6 of the Dungeon.
You were not hungry.

You visited 1 branch of the dungeon, and saw 6 of its levels.

You collected 230 gold pieces.

Inventory:

Missiles
 U - 8 arrows
Jewellery
 e - a +4 ring of dexterity
 m - a ring of protection from magic (right paw)
 y - a +4 amulet of reflection (around neck)
 B - a +3 ring of evasion (left paw)
 Q - an uncursed ring of wizardry
Wands
 F - a wand of flame (10/48)
 P - a wand of paralysis (0/24)
Scrolls
 d - a scroll of random uselessness {unknown}
 p - 7 scrolls of identify {unknown}
 q - 2 scrolls of recharging {unknown}
 r - a scroll of enchant armour {unknown}
 s - 4 scrolls of remove curse {unknown}
 t - a scroll of enchant weapon {unknown}
 w - a scroll of noise {unknown}
 x - 4 scrolls of fog {unknown}
 z - a scroll of teleportation {unknown}
 R - a scroll of amnesia {unknown}
Potions
 c - a potion of agility
 h - a potion of magic {unknown}
 n - 2 potions of ambrosia {unknown}
 o - 3 potions of curing {unknown}
 v - a potion of haste {unknown}
 E - a potion of degeneration {unknown}
 T - a potion of heal wounds {unknown}
Books
 C - a book of Maledictions

   Spells                             Type                      Level
   a - Corona                         Hexes                        1
   b - Ensorcelled Hibernation        Hexes/Ice                    2
   c - Confuse                        Hexes                        3
   d - Tukima's Dance                 Hexes                        3
   e - Dazzling Spray                 Conjuration/Hexes            3
 D - a book of Changes

   Spells                             Type                      Level
   a - Beastly Appendage              Transmutation                1
   b - Sticks to Snakes               Transmutation                2
   c - Spider Form                    Transmutation/Poison         3
   d - Ice Form                       Ice/Transmutation            4
   e - Blade Hands                    Transmutation                5
Comestibles
 a - 2 meat rations {@e2}
 g - 3 royal jellies


   Skills:
 + Level 4.7 Fighting
 + Level 6.0 Dodging
 - Level 5.4 Stealth
 * Level 6.0 Unarmed Combat
 + Level 1.1 Spellcasting
 - Level 2.2 Hexes
 * Level 2.2 Transmutations
 - Level 1.3 Ice Magic


You had 2 spell levels left.
You knew the following spells:

 Your Spells              Type           Power        Failure   Level  Hunger
a - Beastly Appendage     Tmut           #.....       13%         1    ##.....
b - Sticks to Snakes      Tmut           #.......     19%         2    ###....
z - Ensorcelled Hibernat  Hex/Ice        #.....       22%         2    ###....


Dungeon Overview and Level Annotations

Branches:
Dungeon (6/15)
 Temple: D:4-7

Altars:
Nemelex Xobeh

Annotations:
D:3 exclusion: hobgoblin, Grinder
D:4 Menkaure; theanonym's ghost, amateur DrTm
D:5 exclusions: downstairs and slave, theanonym's ghost, novice DrTm


Innate Abilities, Weirdness & Mutations

You cannot wear armour.
You are incapable of wielding weapons or throwing items.
Your paws allow you to move quietly. (Stealth)
You have sharp claws.
You have razor-sharp teeth.
You have supernaturally acute eyesight. (SInv)
You are carnivorous and can eat meat at any time.
You cover ground quickly.
You are covered in thick fur. (AC +2)
You have a slow metabolism.
Your sharp claws are effective at attacking unaware monsters.


Message History

Your transformation is almost over.
You now have 8/9 mp.
Unknown command.
You scratch the gnoll but do no damage. The gnoll closely misses you.
The phantom blinks!
You scratch the gnoll.
The gnoll is lightly wounded.
The gnoll completely misses you.
You closely miss the gnoll. Your headbutt misses the gnoll. You bite the gnoll.
The gnoll is lightly wounded.
The gnoll closely misses you.
You scratch the gnoll but do no damage.
The gnoll is lightly wounded.
You claw the gnoll!
The gnoll is severely wounded.
The gnoll closely misses you.
The gnoll shouts!
You scratch the gnoll.
The gnoll is almost dead.
The gnoll completely misses you.
MP restored: 9 You scratch the gnoll but do no damage.
The gnoll is almost dead.
The gnoll barely misses you.
You claw the gnoll!
You kill the gnoll!
Your horns disappear.
Casting: Beastly Appendage
Confirm with . or Enter, or press ? or * to list all spells.
You grow a pair of large bovine horns.
You now have 8/9 mp.
Your transformation is almost over.
You block the phantom's attack.
You scratch the phantom.
The phantom is lightly damaged.
The gnoll closely misses you. The phantom completely misses you.
You scratch the phantom. Your headbutt misses the phantom.
The phantom is lightly damaged.
The gnoll hits you from afar with a spear!
The phantom hits you.
You take 15 damage, and have 18/33 hp.
MASSIVE DAMAGE!!
You scratch the phantom but do no damage.
You headbutt the phantom. You bite the phantom, but do no damage.
The phantom is moderately damaged.
The gnoll misses you. You block the phantom's attack.
You scratch the phantom but do no damage.
The phantom is moderately damaged.
You claw the phantom!
The phantom is heavily damaged.
You block the gnoll's attack. The phantom hits you.
The phantom blinks!
You take 2 damage, and have 16/33 hp.
The gnoll hits you with a spear!
* * * LOW HITPOINT WARNING * * *
You take 11 damage, and have 5/33 hp.
MASSIVE DAMAGE!!
You scratch the gnoll.
The gnoll is moderately wounded.
The gnoll completely misses you.
The phantom hits you but does no damage.
MP restored: 9 You scratch the gnoll.
You headbutt the gnoll, but do no damage.
The gnoll is severely wounded.
The gnoll closely misses you. The phantom misses you.
You barely miss the gnoll.
The gnoll is severely wounded.
The gnoll completely misses you.
The phantom blinks!
You scratch the gnoll. Your headbutt misses the gnoll.
The gnoll is severely wounded.
Your horns disappear.
The gnoll completely misses you. The phantom hits you.
You die...
You are now level 6!
You rejoin the land of the living...
Health restored: 29 You now have 8/8 mp.
U - an arrow
U - 8 arrows (gained 7)
You see here an uncursed shortbow.
A worker ant comes into view.
A crimson imp comes into view.
A shadow imp comes into view.
A gnoll comes into view. It is wielding a halberd.
The helpless worker ant fails to defend itself.
You eviscerate the worker ant!!!
You kill the worker ant!
A gnoll comes into view.
It is wielding a halberd. 2 gnolls come into view.
The gnoll shouts!
The gnoll completely misses you. The gnoll hits you with a halberd!
Ouch! That really hurt!
* * * LOW HITPOINT WARNING * * *
You take 17 damage, and have 12/29 hp.
MASSIVE DAMAGE!!
You block the gnoll's attack. The gnoll completely misses you.
The gnoll misses you.
The shadow imp shouts!
The gnoll shouts!
You claw the gnoll!
The gnoll is heavily wounded.
The gnoll hits you with an enchanted whip!
You die...

≈≈≈5≈≈§≈≈.≈≈≈≈≈.█
█.(.. .
§§.......§....█
█....
≈§≈§≈≈≈.≈§≈≈≈.█
≈§§███≈.§███§..
≈5§ █§§≈█ ≈..
≈.≈███§§≈███ ..
§.≈≈≈≈§.≈≈§§≈..
.....gg.§§§....
..(g..g@.......


███████████████ You could see 4 gnolls and a shadow imp.

Vanquished Creatures
  A hornet (D:5)
  A centaur (D:6)
  Blork the orc (D:6)
  4 wights (D:6)
  A crimson imp (D:2)
  2 howler monkeys (D:4)
  A hound (D:5)
  Terence (D:2)
  4 worker ants
  A hound skeleton (D:5)
  Robin (D:2)
  5 adders
  A gnoll (D:6)
  An ooze (D:5)
  An adder zombie (D:5)
  2 adder skeletons (D:5)
  5 worms
  2 dart slugs
  3 leopard geckos
  An orc (D:3)
  A ball python (D:3)
  3 giant cockroaches
  8 goblins
  4 hobgoblins (D:2)
  4 jackals (D:3)
  A quokka (D:5)
  7 bats
  5 frilled lizards
  12 kobolds
  A quokka zombie (D:6)
  9 rats
94 creatures vanquished.

Vanquished Creatures (others)
  5 toadstools (D:1)
5 creatures vanquished.

Grand Total: 99 creatures vanquished

Notes
Turn   | Place    | Note
-------+----------+-------------------------------------------
     0 | D:1      | Goblin1989 the Felid Monk began the quest for the Orb.
     0 | D:1      | Reached XP level 1. HP: 10/10 MP: 2/2
     0 | D:1      | Goblin1989: !lg soeti vsfi -log
     0 | D:1      | beem: 46. Soeti, XL27 VSFi, T:127465: http://crawl.xtahua.com/crawl/morgue/Soeti/morgue-Soeti-20171115-171247.txt
   844 | D:1      | Reached XP level 2. HP: 14/14 MP: 3/3
  1424 | D:2      | Noticed a crimson imp
  1460 | D:2      | Noticed Robin
  1512 | D:2      | Reached XP level 3. HP: 17/17 MP: 4/4
  1543 | D:2      | Noticed Terence
  1550 | D:2      | Killed Terence
  1660 | D:2      | Reached XP level 4. HP: 21/21 MP: 5/5
  1877 | D:2      | Killed Robin
  2408 | D:2      | Reached XP level 5. HP: 22/25 MP: 6/6
  2640 | D:2      | Reached skill level 5 in Dodging
  2904 | D:3      | Noticed Grinder
  3578 | D:4      | Noticed theanonym's ghost (amateur DrTm)
  3845 | D:4      | Goblin1989: !lg theanonym place=d:4 -log
  3845 | D:4      | beem: 18. theanonym, XL5 DrTm, T:4280: http://crawl.xtahua.com/crawl/morgue/theanonym/morgue-theanonym-20171115-235048.txt
  3926 | D:4      | Gained mutation: You are covered in thick fur. (AC +2) [Felid growth]
  3926 | D:4      | Reached XP level 6. HP: 28/28 MP: 7/7
  4121 | D:4      | Noticed Menkaure
  4390 | D:5      | Entered Level 5 of the Dungeon
  4435 | D:5      | Noticed theanonym's ghost (novice DrTm)
  4435 | D:5      | Goblin1989: !lg theanonym place=d:5 -log
  4435 | D:5      | beem: 11. theanonym, XL7 DrTm, T:4774: http://crawl.xtahua.com/crawl/morgue/theanonym/morgue-theanonym-20171115-233648.txt
  4558 | D:5      | Noticed a hornet
  4571 | D:5      | Reached skill level 5 in Unarmed Combat
  4574 | D:5      | Killed a hornet
  4574 | D:5      | Reached skill level 5 in Stealth
  4574 | D:5      | Reached XP level 7. HP: 33/33 MP: 8/8
  4826 | D:5      | Learned a level 2 spell: Ensorcelled Hibernation
  4859 | D:5      | Learned a level 1 spell: Beastly Appendage
  4899 | D:5      | Found a sparkling altar of Nemelex Xobeh.
  4909 | D:5      | Slain by an ogre
  4910 | D:5      | Reached XP level 6. HP: -2/29 MP: 7/7
  5396 | D:6      | Reached skill level 1 in Hexes
  5442 | D:6      | Reached skill level 1 in Transmutations
  5695 | D:6      | Reached skill level 1 in Ice Magic
  5765 | D:6      | Learned a level 2 spell: Sticks to Snakes
  5779 | D:6      | Noticed Blork the orc
  5793 | D:6      | Killed Blork the orc
  5793 | D:6      | Reached XP level 7. HP: 23/33 MP: 6/9
  6017 | D:6      | Reached skill level 1 in Spellcasting
  6350 | D:6      | Slain by a phantom
  6351 | D:6      | Reached XP level 6. HP: -1/29 MP: 8/8
  6404 | D:6      | Slain by a gnoll

Vault maps used:
D:1:      ldierk_walled_garden, grunt_decor_mini_mirrors, minmay_pentomino_z2
D:2:      minmay_door_square, uniq_terence, uniq_robin
D:3:      first_bread, uniq_grinder
D:4:      minmay_temple_entry_statues_pillars, uniq_menkaure
D:5:      nemelex_dance_club_becter, uniq_pikel
D:6:      kennysheep_boxes, uniq_blork_the_orc

Skill      XL: |  1  2  3  4  5  6  7 |
---------------+----------------------+-----
Stealth        | 3 4 5 |  5.4
Unarmed Combat | 4 5 6 |  6.0
Dodging        | 5 6 |  6.0
Fighting       | 4 |  4.7
Hexes          | 2 |  2.2
Transmutations | 1 2 |  2.2
Ice Magic      | 1 |  1.3
Spellcasting   | 1 |  1.1

Action                   |  1- 3 |  4- 6 |  7- 9 || total
-------------------------+-------+-------+-------++-------
Melee: Unarmed           |    66 |   275 |    48 ||   389
       Bite              |     8 |    30 |     7 ||    45
       Punch             |       |    10 |     1 ||    11
       Headbutt          |       |     3 |     5 ||     8
 Cast: Beastly Appendage |       |     3 |     3 ||     6
Evoke: Wand              |       |     4 |       ||     4
  Use: Potion            |       |     4 |       ||     4
 Stab: Sleeping          |     5 |    17 |     1 ||    23
       Distracted        |       |       |     1 ||     1
  Eat: Chunk             |     9 |     5 |     2 ||    16
Armor: Skin              |       |    15 |     1 ||    16
Dodge: Dodged            |    50 |   177 |    36 ||   263
Block: Other             |       |    13 |     7 ||    20
       Reflection        |       |       |     1 ||     1

Table legend:
 A = Spawn XP
 B = Non-spawn XP
 C = Spawn XP percentage of total XP
 D = Spawn monster count
 E = Non-spawn monster count
 F = Spawn count percentage of total count
 G = Total turns spent on level
                    A         B        C        D         E        F      G
               +---------+---------+-------+---------+---------+-------+---------
         Total |       0 |    1316 |   0.0 |       0 |      94 |   0.0 |  6404
               +---------+---------+-------+---------+---------+-------+---------
           D:1 |       0 |      17 |   0.0 |       0 |      10 |   0.0 |  1152
           D:2 |       0 |     203 |   0.0 |       0 |      32 |   0.0 |  1568
           D:3 |       0 |      62 |   0.0 |       0 |      26 |   0.0 |   976
           D:4 |       0 |     110 |   0.0 |       0 |       4 |   0.0 |   694
           D:5 |       0 |     411 |   0.0 |       0 |      12 |   0.0 |  1261
           D:6 |       0 |     513 |   0.0 |       0 |      10 |   0.0 |   753
               +---------+---------+-------+---------+---------+-------+---------

Vault maps used:
D:1:      ldierk_walled_garden, grunt_decor_mini_mirrors, minmay_pentomino_z2
D:2:      minmay_door_square, uniq_terence, uniq_robin
D:3:      first_bread, uniq_grinder
D:4:      minmay_temple_entry_statues_pillars, uniq_menkaure
D:5:      nemelex_dance_club_becter, uniq_pikel
D:6:      kennysheep_boxes, uniq_blork_the_orc
